 Dungeon Crawl Stone Soup version 0.22.0-5-gf09313c8f9 (webtiles) character file.

132 Esekla the Cutter (level 4, 0/34 HPs)
             Began as a Vampire Warper on Aug 13, 2018.
             Succumbed to an orc's poison
             ... on level 3 of the Dungeon.
             The game lasted 00:23:57 (3136 turns).

Esekla the Cutter (Vampire Warper)                  Turns: 3136, Time: 00:23:57

Health: 0/34       AC:  6    Str: 15    XL:     4   Next: 92%
Magic:  7/7        EV: 13    Int: 15    God:
Gold:   155        SH:  0    Dex: 14    Spells: 3/7 levels left

rFire    + . .     SeeInvis +   a - +0 short sword
rCold    + . .     Gourm    .   (no shield)
rNeg     + + .     Faith    .   b - +0 leather armour
rPois    +         Spirit   .   s - +1 helmet
rElec    .         Reflect  .   (no cloak)
rCorr    .         Harm     .   t - +0 pair of gloves
MR       .....                  (no boots)
Stlth    ++........             (no amulet)
HPRegen  0.05/turn              i - ring of protection from fire
MPRegen  0.10/turn              (no ring)

@: mighty, lethally poisoned (0 -> -22), regenerating slowly
A: fangs 3, see invisible, unbreathing
a: Bat Form


You were on level 3 of the Dungeon.
You were thirsty.

You visited 1 branch of the dungeon, and saw 4 of its levels.

You collected 155 gold pieces.

Inventory:

Hand Weapons
 a - a +0 short sword (weapon)
Missiles
 c - 66 stones (quivered)
 e - 5 tomahawks of dispersal
Armour
 b - a +0 leather armour (worn)
 s - a +1 helmet (worn)
 t - a +0 pair of gloves (worn)
Jewellery
 i - a ring of protection from fire (left hand)
Scrolls
 d - a scroll of blinking
 g - a scroll of remove curse
 l - a scroll of teleportation
 m - a scroll of immolation
 q - a scroll of enchant armour {unknown}
 u - a scroll of magic mapping {unknown}
Potions
 f - 15 potions of blood
 k - a potion of flight
 o - a potion of lignification {unknown}
 p - a potion of mutation {unknown}
 r - 2 potions of agility


   Skills:
 + Level 2.3 Fighting
 * Level 3.8 Short Blades
 + Level 0.8 Throwing
 + Level 1.4 Armour
 + Level 3.1 Dodging
 + Level 1.0 Stealth
 + Level 2.0 Spellcasting
 * Level 1.2 Charms
 + Level 2.5 Translocations


You had 3 spell levels left.
You knew the following spells:

 Your Spells              Type           Power        Failure   Level  Hunger
a - Shroud of Golubria    Chrm/Tloc      #.........   19%         2    ###....
b - Blink                 Tloc           N/A          14%         2    ###....

Your spell library contained the following spells:

 Spells                   Type           Power        Failure   Level  Hunger
 Teleport Other           Tloc           #.......     28%         3    ###....
 Passage of Golubria      Tloc           N/A          67%         4    #####..
 Gell's Gravitas          Tloc           #.........   28%         3    ###....
 Lesser Beckoning         Tloc           #.........   28%         3    ###....


Dungeon Overview and Level Annotations

Branches:
Dungeon (4/15)
 Temple: D:4-7

Altars:
Nemelex Xobeh


Innate Abilities, Weirdness & Mutations

You heal slowly.
You have razor-sharp teeth.
You have supernaturally acute eyesight. (SInv)
You can survive without breathing.


Message History

The orc is severely wounded.
* * * LOW HITPOINT WARNING * * *
You feel sick.
The orc hits you with a hand axe of venom.
* * * LOW HITPOINT WARNING * * *
You closely miss the orc.
The orc is severely wounded.
* * * LOW HITPOINT WARNING * * *
You feel sick. The orc barely misses you.
You barely miss the orc. You bite the orc, but do no damage.
The orc is severely wounded.
* * * LOW HITPOINT WARNING * * *
You feel sick. The orc closely misses you.
You barely miss the orc.
The orc is severely wounded.
* * * LOW HITPOINT WARNING * * *
You feel sick. The orc barely misses you.
It was a potion of might.
You feel very mighty all of a sudden.
You die...

#####....#.####.#
#...............##
#................#
#.........#......# ####
#................### #...
#..................######.##
#.......)...######.....##.#
##########o.#####....#.##.##
#.@....)....#.##...
####.######.#..#.#####
#.....# #.#..#.....# #.#####
##.#..#.###.# #.#
....)...#...# #.# ###
.##....#.### #.#
#....#.....#.# # #.#
#.#..#..##.#.# # #%#
#........#.#.# #


You could see an orc.

Vanquished Creatures
  An orc priest (D:3)
  2 adders (D:2)
  2 oozes (D:3)
  An adder zombie (D:2)
  4 worms
  A dart slug (D:3)
  An orc (D:3)
  A giant cockroach (D:3)
  8 goblins
  9 hobgoblins
  6 jackals
  A quokka (D:3)
  A ball python (D:1)
  6 bats
  2 frilled lizards
  6 kobolds
  6 rats
58 creatures vanquished.

Notes
Turn   | Place    | Note
-------+----------+-------------------------------------------
     0 | D:1      | Esekla the Vampire Warper began the quest for the Orb.
     0 | D:1      | Reached XP level 1. HP: 16/16 MP: 3/3
   485 | D:1      | Reached XP level 2. HP: 18/22 MP: 5/5
   523 | D:1      | Learned a level 2 spell: Shroud of Golubria
   526 | D:1      | Learned a level 2 spell: Blink
   622 | D:1      | Found a sparkling altar of Nemelex Xobeh.
   697 | D:1      | Reached skill level 1 in Armour
   941 | D:2      | Reached XP level 3. HP: 27/27 MP: 6/6
  1500 | D:3      | Upgraded the game from 0.22.0-2-ge58baed0e8 to 0.22.0-5-gf09313c8f9
  1579 | D:2      | Reached XP level 4. HP: 24/33 MP: 5/7
  1983 | D:3      | Reached skill level 1 in Stealth
  2265 | D:3      | Reached skill level 1 in Charms
  3136 | D:3      | Succumbed to an orc's poison

Skill      XL: |  1  2  3  4 |
---------------+-------------+-----
Fighting       | 2 |  2.3
Armour         | 1 |  1.4
Short Blades   | 3 |  3.8
Dodging        | 3 |  3.1
Stealth        | 1 |  1.0
Charms         | 1 |  1.2
Throwing       | |  0.8
Spellcasting   | |  2.0
Translocations | |  2.5

Action                   |  1- 3 |  4- 6 || total
-------------------------+-------+-------++-------
Melee: Short sword       |   124 |   110 ||   234
       Bite              |     8 |    16 ||    24
Throw: Stone             |     8 |     3 ||    11
       Javelin           |    12 |    10 ||    22
 Cast: Shroud of Golubri |     2 |     1 ||     3
  Use: Potion            |     1 |     5 ||     6
       Scroll            |       |     5 ||     5
 Stab: Sleeping          |     2 |     3 ||     5
Armor: Leather armour    |    32 |    14 ||    46
Dodge: Dodged            |    87 |    58 ||   145
